 Dungeon Crawl Stone Soup version 0.31-a0-716-gc7603755dd (webtiles) character file.

Game seed: 9293994879787013291

639 Xavori the Sneak (level 7, 0/49 HPs)
             Began as an Octopode Chaos Knight on Sept 10, 2023.
             Was a Plaything of Xom.
             Slain by a water moccasin (5 damage)
             ... on level 5 of the Dungeon.
             The game lasted 00:03:50 (11410 turns).

Xavori the Sneak (Octopode Chaos Knight)           Turns: 11410, Time: 00:03:52

Health: 0/49       AC:  1    Str: 11    XL:     7   Next: 50%
Magic:  7/7        EV: 14    Int: 14    God:    Xom [..*...]
Gold:   1037       SH:  0    Dex: 14    Spells: 6/6 levels left

rFire   . . .        a - +0 short sword (chaos)
rCold   . . .        (no shield)
rNeg    + . .        (helmet restricted)
rPois   .            (no amulet)
rElec   +            m - ring of positive energy
rCorr   .            r - ring of see invisible
SInv    +            (no ring)
Will    .....        (no ring)
Stlth   ++++         (no ring)
HPRegen 0.28/turn    (no ring)
MPRegen 0.10/turn    (no ring)
                     (no ring)

%: no passive effects
@: lethally poisoned (0 -> -5)
A: almost no armour, amphibious, 8 rings, camouflage 1, gelatinous body 1,
(nimble swimmer 1), tentacles, electricity resistance, no potion heal 1,
MP-powered wands, noise suppression
a: Renounce Religion


You were on level 5 of the Dungeon.
You worshipped Xom.
You were a toy of Xom.
You visited 1 branch of the dungeon, and saw 5 of its levels.

You collected 1037 gold pieces.

Inventory:

Hand Weapons
 a - a +0 short sword of chaos (weapon)
Jewellery
 m - a ring of positive energy (left tentacle)
 r - a ring of see invisible (right tentacle)
Wands
 q - a wand of charming (11)
 w - a wand of flame (16)
Scrolls
 b - a scroll of butterflies
 c - 2 scrolls of enchant weapon {unknown}
 d - a scroll of acquirement {unknown}
 e - a scroll of brand weapon
 g - 2 scrolls of teleportation {unknown}
 l - a scroll of noise
 n - a scroll of enchant armour
 p - a scroll of vulnerability
 u - a scroll of fog
Potions
 f - a potion of brilliance {unknown}
 h - a potion of invisibility {unknown}
 i - 3 potions of enlightenment
 j - a potion of mutation
 k - 3 potions of curing {unknown}
 o - 3 potions of heal wounds {unknown}
 s - 3 potions of degeneration {unknown}
 t - a potion of attraction {unknown}
 v - a potion of berserk rage {unknown}


   Skills:
 + Level 4.7 Fighting
 + Level 5.0 Short Blades
 + Level 4.1 Dodging
 + Level 6.2 Stealth


You had 6 spell levels left.
You didn't know any spells.
Your spell library was empty.

Dungeon Overview and Level Annotations

Branches:
Dungeon (5/15)
 Temple: D:4-7

Altars:
Xom
Zin

Shops:
D:2 (   D:4 [


Innate Abilities, Weirdness & Mutations

You cannot wear most types of armour.
You are amphibious.
You can wear up to eight rings at the same time.
Your skin changes colour to match your surroundings (Stealth+).
Your rubbery body absorbs attacks. (AC +1, EV +1)
((You are camouflaged when in or above water. (Stealth+)))
You have tentacles for arms and can constrict up to eight enemies at once.
You are resistant to electric shocks. (rElec)
Potions are less effective at restoring your health.
You expend magic power (3 MP) to strengthen your wands.
You passively dampen the noise of your surroundings.


Message History

The orc escapes!
You closely miss the orc. You grab the orc. You squeeze the orc.
You kill the orc!
You hit the orc. You freeze the orc.
You kill the orc!
The orc priest calls down the wrath of Beogh upon you.
Pain shoots through your body!
You barely miss the water moccasin. You grab the water moccasin.
You constrict the water moccasin. The water moccasin bites you.
You hit the water moccasin.
The water moccasin is lightly wounded.
You constrict the water moccasin, but do no damage.
The water moccasin bites you.
An orc comes into view. It is wielding a +0 mace.
You barely miss the water moccasin. You squeeze the water moccasin.
The water moccasin is moderately wounded.
You constrict the water moccasin. The water moccasin barely misses you.
You barely miss the orc priest. You grab the orc priest.
You constrict the orc priest, but do no damage.
You constrict the water moccasin. The water moccasin bites you!
You are poisoned.
The water moccasin poisons you! The orc priest barely misses you.
You hit the orc priest but do no damage.
Space warps horribly around the orc priest!!
You kill the orc priest!
You constrict the water moccasin.
You feel sick. The water moccasin bites you.
Your Dodging skill increases to level 4!
You hit the water moccasin.
The water moccasin is severely wounded.
You constrict the water moccasin, but do no damage.
You feel sick. The water moccasin bites you!
* * * LOW HITPOINT WARNING * * *
Unknown command.
You hit the water moccasin but do no damage.
You squeeze the water moccasin.
The water moccasin is severely wounded.
You constrict the water moccasin.
You feel sick. The water moccasin bites you!
* * * LOW HITPOINT WARNING * * *
The water moccasin bites you.
You die...

#.........
#.........
#.........
#.......#
#........#
##.....#...
##.......#
##..)S.#### #
##...@#....# ###
##....###..#...#
..## ##....##
##)...## #..##
##....## #oo#.#
##..## ##....##
#o).
##..###....##
...# ##........#
.... #.......##
...
##..####....#
...


You could see a water moccasin.

Vanquished Creatures
  A water moccasin (D:4)
  2 ogres (D:4)
  2 orc priests
  A hound (D:5)
  An iguana (D:4)
  An orc wizard (D:4)
  Natasha (thrice) (D:4)
  An ufetubus (D:4)
  A dart slug (D:4)
  8 orcs
  3 bats
  9 endoplasms
  A giant cockroach (D:1)
  8 goblins
  8 hobgoblins
  8 jackals
  2 quokkas
  14 ball pythons
  5 frilled lizards
  9 kobolds
  5 rats
93 creatures vanquished.

Vanquished Creatures (collateral kills)
  An orc priest (D:3)
  An orc (D:3)
2 creatures vanquished.

Grand Total: 95 creatures vanquished

Notes
Turn   | Place    | Note
-------+----------+-------------------------------------------
     0 | D:1      | Xavori the Octopode Chaos Knight began the quest for the
                  | Orb.
     0 | D:1      | Reached XP level 1. HP: 16/16 MP: 1/1
   122 | D:1      | Reached XP level 2. HP: 21/21 MP: 2/2
   215 | D:1      | HP: 1/21 [hobgoblin (4)]
   384 | D:1      | Reached XP level 3. HP: 26/26 MP: 3/3
   698 | D:1      | Reached skill level 1 in Stealth
   888 | D:1      | XOM: cloud trail
   912 | D:1      | XOM: silly message
  1773 | D:1      | XOM: scenery: create altars
  2493 | D:1      | XOM: silly message
  3495 | D:1      | XOM is BORED!
  3495 | D:1      | XOM: noise
  3766 | D:1      | XOM: scenery: summon butterflies
  3929 | D:1      | XOM: give mutation
  3929 | D:1      | Gained mutation: You expend magic power (3 MP) to
                  | strengthen your wands. [Xom's mischief]
  4152 | D:1      | XOM: stat loss: -1 Str (10/11)
  4888 | D:1      | XOM is BORED!
  4888 | D:1      | XOM: summons 3 hostile shadow creatures
  5423 | D:1      | XOM: god gift: staff of air
  6968 | D:1      | XOM: give mutation
  6968 | D:1      | Gained mutation: Potions are less effective at restoring
                  | your health. [Xom's mischief]
  7478 | D:1      | XOM: give mutation
  7478 | D:1      | Gained mutation: You have hidden genetic potential. [Xom's
                  | grace]
  7599 | D:1      | XOM: give mutations
  7599 | D:1      | Gained mutation: You are frail. (-10% HP) [Xom's mischief]
  7599 | D:1      | Lost mutation: You are frail. (-10% HP) [Xom's mischief]
  8611 | D:1      | XOM: summons 2 hostile demons
  8700 | D:2      | XOM: god gift: 765 gold pieces
  8755 | D:2      | XOM: 3-stop teleportation journey
  8812 | D:2      | XOM: summons 2 hostile demons
  9202 | D:2      | XOM: silly message
  9377 | D:2      | Found Zighogap's Weapon Shoppe.
  9475 | D:3      | Found a glowing silver altar of Zin.
  9540 | D:3      | Reached XP level 4. HP: 33/33 MP: 4/4
  9570 | D:3      | Reached skill level 2 in Stealth
  9720 | D:3      | XOM: noise
  9843 | D:3      | XOM: summons 4 friendly demons
  9859 | D:3      | Gained mutation: You are resistant to electric shocks.
                  | (rElec) [hidden potential]
  9870 | D:3      | XOM: polymorph quasit -> crimson imp
 10158 | D:3      | XOM: summons 3 hostile demons
 10217 | D:3      | Reached skill level 3 in Stealth
 10230 | D:4      | Noticed Natasha
 10240 | D:4      | Killed Natasha
 10241 | D:4      | Reached XP level 5. HP: 27/37 MP: 5/5
 10415 | D:4      | Noticed a water moccasin
 10416 | D:4      | Noticed an ogre
 10418 | D:4      | Noticed Natasha
 10420 | D:4      | XOM: enchant monster (good)
 10423 | D:4      | XOM: potion effect (brilliance)
 10425 | D:4      | Killed a water moccasin
 10426 | D:4      | Reached skill level 4 in Stealth
 10426 | D:4      | Reached XP level 6. HP: 42/43 MP: 6/6
 10431 | D:4      | Reached skill level 5 in Stealth
 10435 | D:4      | Killed Natasha
 10438 | D:4      | Gained mutation: You passively dampen the noise of your
                  | surroundings. [hidden potential]
 10438 | D:4      | Lost mutation: You have hidden genetic potential. [hidden
                  | potential expressed]
 10664 | D:4      | XOM: torment (19/44 hp)
 10672 | D:4      | Reached XP level 7. HP: 13/49 MP: 7/7
 10757 | D:4      | XOM: silly message
 10891 | D:4      | Reached skill level 6 in Stealth
 11000 | D:4      | Noticed Natasha
 11002 | D:4      | XOM: enchant monster (good)
 11005 | D:4      | Killed Natasha
 11006 | D:4      | Reached skill level 5 in Short Blades
 11006 | D:4      | Found Dehuu's Armour Emporium.
 11038 | D:4      | XOM: god gift: 2 fuming coppery potions {god gift}
 11189 | D:5      | Entered Level 5 of the Dungeon
 11410 | D:5      | Slain by a water moccasin

Illustrated notes

Levels and vault maps discovered:
D:1:      tekkud_arrival_beachfront_property, layout_basic, minmay_nonomino_d4
D:2:      layout_basic, serial_shops, nicolae_shop_getting_attention
D:3:      layout_basic, mainiacjoe_overflow_concentric_impassable,
          minmay_misc_feat_columns, st_stairs_6
D:4:      layout_basic, serial_shops, nicolae_shop_gibbet_a_chance,
          grunt_ministairs_11, uniq_natasha
D:5:      layout_cave_pods, minmay_temple_entry_arrows, serial_shops,
          nicolae_shop_behind_doors, guppyfry_early_lair_pool

Skill      XL: |  1  2  3  4  5  6  7 |
---------------+----------------------+-----
Stealth        | 1 3 4 5 6 |  6.2
Dodging        | 3 4 |  4.1
Fighting       | 4 |  4.7
Short Blades   | 4 5 |  5.0

Action                     |  1- 3 |  4- 6 |  7- 9 || total
---------------------------+-------+-------+-------++-------
  Melee: Short sword       |   107 |   107 |    27 ||   241
         Constrict         |    21 |    27 |     8 ||    56
         Tentacles         |    17 |    24 |     6 ||    47
         Punch             |       |     1 |       ||     1
  Evoke: Wand              |       |     1 |       ||     1
    Use: Scroll            |       |       |     7 ||     7
   Stab: Sleeping          |    15 |     3 |     2 ||    20
         Distracted        |     1 |     1 |       ||     2
         Petrifying        |       |     2 |       ||     2
         Petrified         |       |     2 |       ||     2
         Paralysed         |       |       |     1 ||     1
 Armour: Skin              |    43 |    49 |    13 ||   105
  Dodge: Dodged            |    71 |    84 |     8 ||   163

Table legend: (Time is in decaauts)
 A = Elapsed time spent in this place.
 B = Non-inter-level travel time spent in this place.
 C = Inter-level travel time spent in this place.
 D = Time resting spent in this place.
 E = Time spent auto-exploring this place.
 F = Levels seen in this place.
 G = Mean time per level.
                   A        B        C        D        E       F      G
               +--------+--------+--------+--------+--------+-----+--------+
         Total |  11364 |  11304 |     60 |   8370 |   2348 |   5 | 2272.8 |
       Dungeon |  11364 |  11304 |     60 |   8370 |   2348 |   5 | 2272.8 |
               +--------+--------+--------+--------+--------+-----+--------+

Top non-repeatable levels by time:
     D:1: 8541 daAuts
     D:4: 940 daAuts
     D:2: 913 daAuts
     D:3: 751 daAuts
     D:5: 217 daAuts
